 Dungeon Crawl Stone Soup version 0.27.0-1-g7a089689b8 (webtiles) character file.

Game seed: 15659759342477540477

4 sanka the Vexing (level 1, -1/13 HPs)
             Began as an Octopode Arcane Marksman on Aug 10, 2021.
             Slain by a jackal (2 damage)
             ... on level 1 of the Dungeon.
             The game lasted 00:00:19 (116 turns).

sanka the Vexing (Octopode Arcane Marksman)          Turns: 116, Time: 00:00:20

Health: -1/13      AC:  1    Str:  9    XL:     1   Next: 60%
Magic:  2/2        EV: 13    Int: 15    God:
Gold:   0          SH:  0    Dex: 12    Spells: 1/2 levels left

rFire    . . .     SeeInvis .   a - +0 hand crossbow
rCold    . . .     Faith    .   (no shield)
rNeg     . . .     Spirit   .   (helmet restricted)
rPois    .         Reflect  .   (no amulet)
rElec    .         Harm     .   (no ring)
rCorr    .         Rampage  .   (no ring)
Will     .....                  (no ring)
Stlth    ++........             (no ring)
HPRegen  0.04/turn              (no ring)
MPRegen  0.08/turn              (no ring)
                                (no ring)
                                (no ring)

@: no status effects
A: almost no armour, amphibious, 8 rings, camouflage 1, gelatinous body 1,
(nimble swimmer 1), tentacles
a: no special abilities


You were on level 1 of the Dungeon.
You visited 1 branch of the dungeon, and saw 1 of its levels.


Innate Abilities, Weirdness & Mutations

You cannot wear most types of armour.
You are amphibious.
You can wear up to eight rings at the same time.
Your skin changes colour to match your surroundings (Stealth+).
Your rubbery body absorbs attacks. (AC +1, EV +1)
((You are camouflaged near water. (Stealth+)))
You have tentacles for arms and can constrict up to eight enemies at once.


   Skills:
 - Level 1.0 Fighting
 - Level 2.0 Crossbows
 + Level 2.2 Dodging
 + Level 0.6 Unarmed Combat
 - Level 1.0 Spellcasting
 - Level 3.0 Hexes


You had one spell level left.
You knew the following spells:

 Your Spells              Type           Power      Damage    Failure   Level
Z - Corona                Hex            10%        N/A       7%          1

Your spell library contained the following spells:

 Spells                   Type           Power      Damage    Failure   Level
 Slow                     Hex            9%         N/A       11%         2
 Inner Flame              Hex/Fire       5%         N/A       36%         3
 Portal Projectile        Hex/Tloc       10%        N/A       36%         3
 Cause Fear               Hex            4%         N/A       56%         4

Inventory:

Hand Weapons
 a - a +0 hand crossbow (weapon)
Missiles
 c - 11 bolts (quivered ammo)

Dungeon Overview and Level Annotations

Branches:
Dungeon (1/15)

Altars:

▒.▒▒▒.............
▒.▒.......≈≈≈.....
▒.▒.....≈≈≈≈≈≈≈...
▒.▒....≈≈≈≈≈≈≈≈≈..
▒.▒▒▒▒▒▒▒▒▒▒▒▒▒▒▒▒
▒.▒ ▒.▒ ▒.▒ ▒▒▒▒▒▒
▒x▒ ▒..... ▒h▒
▒▒▒▒▒▒.▒.▒▒
▒g▒▒▒▒▒▒......▒h▒
▒(.......▒▒▒▒▒▒.▒
▒▒▒▒....▒▒▒▒▒ ▒.▒
............▒▒▒.▒
▒..▒▒▒▒▒▒▒▒..▒▒.▒
....
............▒▒
▒▒..
▒▒▒▒..8▒8....▒


You could see a jackal and a goblin.


Message History

The goblin is moderately wounded.
The goblin closely misses you.
You completely miss the goblin. You grab the goblin. You squeeze the goblin.
The goblin is heavily wounded.
The goblin hits you with a +0 dagger.
* * * LOW HITPOINT WARNING * * *
You tentacle-slap the goblin but do no damage.
The goblin is heavily wounded.
The goblin misses you.
You tentacle-slap the goblin but do no damage.
The goblin is heavily wounded.
You constrict the goblin. The goblin hits you with a +0 dagger.
* * * LOW HITPOINT WARNING * * *
You release your grip on the goblin.
The jackal bites you.
* * * LOW HITPOINT WARNING * * *
a - a +0 hand crossbow (weapon)
The jackal completely misses you.
You shoot a bolt. The bolt closely misses the jackal.
The jackal closely misses you. The jackal closely misses you.
You shoot a bolt. The bolt hits the jackal.
The jackal is heavily wounded.
The jackal bites you.
You die...

Action                   || total
-------------------------++-------
Melee: Unarmed           ||     4
       Constrict         ||     1
       Tentacles         ||     1
 Fire: Hand crossbow     ||    10
Armor: Skin              ||     2
Dodge: Dodged            ||    12

Levels and vault maps discovered:
D:1:      nzn_arrival_depleted_hourglass, layout_rooms,
          ebering_ecumenical_altar_box, minmay_statues_item

Notes
Turn   | Place    | Note
-------+----------+-------------------------------------------
     0 | D:1      | sanka the Octopode Arcane Marksman began the quest for the
                  | Orb.
     0 | D:1      | Reached XP level 1. HP: 13/13 MP: 2/2
    70 | D:1      | Found a faded altar of an unknown god.
    85 | D:1      | HP: 1/13 [goblin (3)]
   111 | D:1      | HP: 1/13 [jackal (1)]
   116 | D:1      | Slain by a jackal

Vanquished Creatures
  A hobgoblin (D:1)
  2 jackals (D:1)
3 creatures vanquished.
